Map: Backwater LE

Players

axu - Winner!

  • Race: Protoss Protoss
  • League: Platinum
  • Spawn Location: 5:00

Anlorian

  • Race: Protoss Protoss
  • League: Platinum
  • Spawn Location: 11:00

VOD

Have the link to the VOD?

Description

Time

  • Played on: March 9, 2018, 10:38 a.m.
  • Length: 13:58
Show
View Real Time Build Order
Export as new Build Order

axu Protoss - Winner!

Build Orders: 1 Gate Expand 

Get SALT Encoding   

  12  0:01  Probe  
  13  0:13  Probe  
  14  0:18  Pylon  
  14  0:26  Probe  
  15  0:39  Probe  
  16  0:51  Gateway  
  16  0:56  Probe  
  17  1:07  Assimilator  
  17  1:13  Probe  
  18  1:25  Probe  
  19  1:33  Nexus  
  19  1:40  Cybernetics Core  
  19  1:45  Probe  
  20  1:57  Pylon  
  20  2:08  Gateway  
  20  2:16  Stalker (Chrono Boost)  
  20  2:18  Shield Battery  
  20  2:20  Probe  
  23  2:29  Assimilator  
  23  2:32  Probe  
  23  2:33  Shield Battery  
  24  2:44  Stalker  
  24  2:47  Stalker  
  24  2:49  Probe  
  27  2:56  Warp Gate (Chrono Boost)  
  29  3:01  Probe  
  30  3:36  Stalker x2 (Chrono Boost)  
  34  3:47  Probe x2  
  36  3:54  Pylon  
  36  3:57  Pylon  
  36  4:08  Pylon  
  36  4:12  Stalker x2 (Chrono Boost)  
  36  4:13  Robotics Facility  
  40  4:20  Pylon  
  40  4:23  Probe  
  40  4:24  Probe  
  42  4:35  Probe  
  43  4:52  Gateway  
  43  4:54  Gateway  
  43  4:58  Stalker  
  43  4:59  Pylon  
  45  5:00  Stalker  
  45  5:05  Probe x2  
  49  5:14  Immortal (Chrono Boost)  
  53  5:22  Probe x2  
  55  5:28  Forge  
  55  5:34  Probe x2  
  55  5:46  Stalker x2  
  59  6:01  Assimilator  
  59  6:04  Immortal (Chrono Boost)  
  59  6:05  Assimilator  
  59  6:06  Stalker  
  59  6:07  Stalker  
  59  6:10  Sentry  
  69  6:12  Sentry  
  69  6:17  Protoss Ground Weapons Level 1 (Chrono Boost), Probe x2  
  73  6:29  Probe  
  73  6:30  Pylon  
  73  6:32  Shield Battery x2  
  74  6:37  Probe  
  75  6:41  Probe  
  76  6:50  Observer, Probe  
  78  6:58  Twilight Council  
  78  7:06  Probe x2  
  80  7:15  Nexus  
  80  7:17  Immortal  
  80  7:18  Probe x2  
  86  7:41  Probe x2  
  82  7:53  Probe x2  
  74  8:00  Immortal (Chrono Boost)  
  74  8:05  Zealot x4  
  76  8:16  Protoss Ground Armor Level 1  
  76  8:31  Stalker x4  
  76  8:32  Assimilator  
  84  8:35  Pylon  
  84  8:38  Dark Shrine, Pylon  
  84  8:40  Immortal, Pylon  
  88  8:50  Gateway  
  88  8:53  Gateway  
  88  8:59  Gateway x2  
  88  9:02  Charge (Chrono Boost)  
  88  9:16  Warp Prism (Chrono Boost)  
  90  9:33  Assimilator  
  90  9:35  Probe x2  
  92  9:42  Probe  
  93  9:47  Probe x2  
  95  9:53  Dark Templar x3  
  95  9:54  Probe, Dark Templar  
  95  9:59  Probe  
  105  10:02  Observer  
  105  10:07  Zealot x4  
  108  10:14  Protoss Ground Weapons Level 2  
  114  10:17  Forge  
  114  10:22  Immortal (Chrono Boost)  
  114  10:27  Blink  
  117  10:39  Zealot x3  
  117  10:40  Sentry  
  125  10:47  Pylon  
  125  10:48  Pylon  
  125  10:50  Pylon  
  125  10:55  Pylon  
  125  10:56  Pylon  
  125  10:57  Pylon  
  125  11:06  Observer  
  120  11:22  Zealot x4  
  120  11:23  Zealot x3  
  126  11:27  Immortal  
  116  12:03  Gateway  
  116  12:06  Gateway  
  116  12:13  Dark Templar x3  
  116  12:14  Dark Templar x4  
  130  12:19  Archon  
  130  12:20  Archon  
  130  12:25  Archon x2  
  130  12:53  Zealot x2  
  130  12:54  Zealot x5  
Show
View Real Time Build Order
Export as new Build Order

Anlorian Protoss 

Build Orders:  

Get SALT Encoding   

  12  0:00  Probe  
  13  0:13  Probe  
  14  0:17  Pylon  
  14  0:25  Probe  
  15  0:37  Gateway, Probe  
  16  0:49  Assimilator  
  17  0:50  Probe  
  17  1:00  Pylon  
  17  1:02  Probe  
  18  1:08  Assimilator  
  18  1:16  Probe  
  19  1:24  Cybernetics Core  
  19  1:27  Zealot  
  19  1:28  Probe  
  22  1:40  Probe  
  23  1:51  Gateway  
  23  1:52  Gateway  
  23  1:58  Stalker (Chrono Boost)  
  25  2:05  Warp Gate  
  25  2:10  Probe  
  26  2:21  Stalker (Chrono Boost)  
  28  2:26  Pylon  
  28  2:29  Probe  
  29  2:44  Stalker (Chrono Boost)  
  29  2:50  Stalker (Chrono Boost)  
  33  3:00  Pylon  
  33  3:10  Stalker (Chrono Boost)  
  37  3:13  Stalker (Chrono Boost)  
  34  3:49  Probe  
  35  4:16  Sentry  
  37  4:22  Zealot x2  
  41  4:38  Probe  
  41  4:43  Robotics Facility  
  42  4:50  Stalker x2  
  42  4:52  Nexus  
  46  4:54  Pylon  
  46  5:09  Twilight Council, Probe  
  47  5:16  Stalker x3  
  53  5:21  Probe  
  54  5:33  Probe  
  55  5:53  Probe  
  55  5:55  Immortal  
  58  6:04  Pylon  
  58  6:06  Probe (Chrono Boost)  
  58  6:10  Shield Battery x2  
  59  6:12  Probe (Chrono Boost)  
  61  6:19  Probe (Chrono Boost)  
  61  6:22  Probe (Chrono Boost)  
  61  6:23  Forge  
  62  6:26  Immortal, Blink (Chrono Boost)  
  62  6:39  Pylon  
  67  6:40  Probe x2  
  68  6:48  Sentry  
  70  6:57  Pylon  
  70  7:00  Stalker x2  
  74  7:04  Immortal (Chrono Boost)  
  79  7:15  Probe  
  79  7:19  Probe  
  80  7:27  Probe  
  80  7:28  Stalker x2  
  85  7:35  Pylon  
  83  7:37  Pylon  
  71  8:04  Immortal (Chrono Boost)  
  75  8:13  Robotics Facility  
  75  8:21  Protoss Ground Weapons Level 1 (Chrono Boost), Dark Shrine  
  75  8:28  Nexus  
  75  8:29  Probe  
  75  8:30  Probe  
  75  8:34  Assimilator  
  77  8:38  Assimilator, Pylon  
  77  8:42  Observer (Chrono Boost)  
  78  8:49  Probe x2  
  78  8:52  Zealot  
  78  8:53  Zealot x2  
  86  9:00  Immortal  
  86  9:01  Immortal  
  94  9:08  Probe  
  95  9:15  Probe  
  96  9:29  Gateway  
  96  9:31  Gateway  
  96  9:33  Gateway  
  96  9:34  Pylon  
  96  9:38  Pylon  
  96  9:43  Observer x2  
  98  9:49  Dark Templar x2  
  102  9:52  Dark Templar  
  102  9:58  Assimilator  
  104  10:01  Assimilator  
  104  10:03  Pylon  
  104  10:04  Probe  
  104  10:05  Protoss Ground Armor Level 1 (Chrono Boost)  
  105  10:33  Stalker x3  
  111  10:42  Probe x2  
  113  10:43  Probe  
  114  11:07  Pylon  
  104  11:11  Dark Templar x2  
  104  11:12  Dark Templar  
  104  11:14  Observer  
  104  11:15  Observer  
  35  11:45  Immortal x2  
  42  12:08  Dark Templar x3  
  48  12:16  Stalker  
  48  12:17  Stalker x2  
  48  12:20  Probe (Chrono Boost)  
  48  12:21  Probe (Chrono Boost)  
  57  12:23  Probe (Chrono Boost)  
  58  12:30  Probe (Chrono Boost)  
  58  12:31  Probe (Chrono Boost)  
  58  12:41  Stalker x3  
  58  12:42  Stalker  
Tags
 
Add a new tag
Caveats
  • Supply blocks, unpowered buildings, or Contaminate may cause inaccurate times.
  • Supply counts are checked every 10 seconds.